 Dungeon Crawl Stone Soup version 0.29.0-4-gdea44cf6ec (webtiles) character file.

Game seed: 10034265879098298128

11533 qw the Severer (level 11, -7/101 HPs)
             Began as a Minotaur Fighter on Sept 4, 2022.
             Was a Believer of Ru.
             Mangled by a seven-headed hydra (11 damage)
             ... on level 8 of the Dungeon.
             The game lasted 00:04:14 (10498 turns).

qw the Severer (Minotaur Fighter)                  Turns: 10498, Time: 00:04:15

Health: -7/101     AC: 25    Str: 31    XL:     11   Next: 50%
Magic:  10/10      EV: 11    Int:  8    God:    Ru [**....]
Gold:   217        SH:  5    Dex: 10    Spells: 10/10 levels left

rFire   . . .      SeeInvis .   b - +2 flail (protect)
rCold   . . .      Faith    .   c - +0 buckler
rNeg    + . .      Spirit   .   i - +0 pearl dragon scales
rPois   .          Reflect  .   f - +1 hat of the Slug {rElec Int+3}
rElec   +          Harm     .   a - +0 cloak
rCorr   .          Rampage  .   (no gloves)
Will    .....                   m - +1 pair of boots
Stlth   ..........              q - amulet of the acrobat
HPRegen 0.26/turn               e - +6 ring of strength
MPRegen 0.12/turn               (no ring)

@: about to teleport, under a protective aura
A: horns 2, inability to use devices, retaliatory headbutt
a: Renounce Religion


You were on level 8 of the Dungeon.
You worshipped Ru.
Ru was pleased with you.
You visited 2 branches of the dungeon, and saw 12 of its levels.

You collected 679 gold pieces.
You spent 462 gold pieces at shops.


Innate Abilities, Weirdness & Mutations

You have a pair of horns on your head.
You cannot study or use magical devices.
You reflexively headbutt those who attack you in melee.


   Skills:
 + Level 10.9 Fighting
 - Level 17.0 Axes
 - Level 2.0 Throwing
 - Level 9.0 Armour
 - Level 4.3 Dodging
 - Level 7.1 Shields


You had 10 spell levels left.
You didn't know any spells.
Your spell library was empty.

Inventory:

Hand Weapons
 b - a +2 flail of protection (weapon)
 Y - a +3 war axe of draining
Missiles
 p - a boomerang (quivered)
Armour
 a - a +0 cloak (worn)
 c - a +0 buckler (worn)
 f - the +1 hat of the Slug (worn) {rElec Int+3}
   (You found it on level 7 of the Dungeon)

   Int:       It affects your intelligence (+3).
   rElec:     It insulates you from electricity.
 i - +0 pearl dragon scales (worn)
 m - a +1 pair of boots (worn)
Jewellery
 e - a +6 ring of strength (left hand)
 h - a ring of ice
 k - a ring of fire
 q - an amulet of the acrobat (around neck)
Scrolls
 g - a scroll of identify
 l - 2 scrolls of teleportation
Potions
 d - 2 potions of might
 j - 3 potions of mutation
 n - a potion of heal wounds
 o - 5 potions of curing
 s - a potion of haste

Dungeon Overview and Level Annotations

Branches:
Dungeon (11/15)            Temple (1/1) D:6
   Lair: D:8-11         Orc: D:9-12

Altars:
Ashenzari
Cheibriados
Elyvilon
Fedhas
Gozag
Hepliaklqana
Kikubaaqudgha
Makhleb
Nemelex Xobeh
Okawaru
Qazlal
Ru
Sif Muna
Trog
Uskayaw
Vehumet
Wu Jian
Xom
Yredelemnul
Zin
The Shining One

Shops:
D:8 *

Annotations:
D:11 2 transporters, qw's ghost, journeyman TrCA


Message History

The seven-headed hydra is heavily wounded.
You hear an angry hiss.
You block the seven-headed hydra's attack.
The seven-headed hydra bites you but does no damage. x2
The seven-headed hydra completely misses you.
You block the seven-headed hydra's attack.
The seven-headed hydra bites you but does no damage. x2
You hit the seven-headed hydra.
You headbutt the seven-headed hydra, but do no damage.
The seven-headed hydra is heavily wounded.
The seven-headed hydra bites you!
The seven-headed hydra barely misses you.
The seven-headed hydra bites you but does no damage.
You block the seven-headed hydra's attack. x2
The seven-headed hydra bites you!
The seven-headed hydra bites you but does no damage.
You barely miss the seven-headed hydra.
The seven-headed hydra is heavily wounded.
The seven-headed hydra closely misses you.
You furiously retaliate!
You headbutt the seven-headed hydra!
The seven-headed hydra bites you but does no damage.
You block the seven-headed hydra's attack.
The seven-headed hydra bites you!
The seven-headed hydra bites you but does no damage.
The seven-headed hydra bites you.
The seven-headed hydra bites you but does no damage.
You sock the seven-headed hydra! You headbutt the seven-headed hydra.
The seven-headed hydra is severely wounded.
The seven-headed hydra bites you. x2; The seven-headed hydra bites you!
The seven-headed hydra closely misses you. x2
The seven-headed hydra bites you.
The seven-headed hydra bites you but does no damage.
10498 ||| READING 3 scrolls of teleportation.
As you read the scroll of teleportation, it crumbles to dust.
You feel strangely unstable.
The seven-headed hydra bites you but does no damage. x3
The seven-headed hydra bites you! The seven-headed hydra bites you.
The seven-headed hydra completely misses you.
The seven-headed hydra bites you!
You die...

#........#..##.##.##...##....##
####......##....###.##....##.##.
#.##...........##)#.####....###.
##..............#.)##.##.##..##..
...............##...#.##...####..
#.<)...........#....##.##..:##..#
##.#..(.......##.....#.####.##...
###..........######)##.##.##).#.
##........##D@....)..##.##..).
#.........#T#########.##.##.##
##.........#. #.........##.##.#
#...o.....##. #.###.###.##)###.
#...[.....#.D ##.....###...###
####.....##.. #(.....?##.### #
#......#Tk# ##..#..##...##
#.....##.) #..#..##.#..## ####..#
##...##..##..##


You could see a seven-headed hydra and a troll.

Vanquished Creatures
  A boulder beetle (D:11)
  A hydra (D:8)
  4 two-headed ogres
  Joseph (D:8)
  A troll (D:11)
  A slime creature (D:8)
  A shadow (D:8)
  A yak (D:8)
  A wyvern (D:10)
  A wraith (D:10)
  A steam dragon (D:8)
  Edmund (D:6)
  3 water moccasins
  3 black bears
  4 orc warriors (D:8)
  A sky beast (D:8)
  3 ogres
  5 centaurs
  2 phantoms
  2 kobold brigands
  4 bullfrogs
  Blork the orc (D:4)
  2 necrophages (D:6)
  A gnoll sergeant (D:8)
  9 scorpions
  12 wights
  12 killer bees
  A howler monkey (D:8)
  A jelly (D:5)
  4 hounds
  3 orc priests
  5 iguanas
  7 orc wizards
  Natasha (thrice) (D:2)
  Ijyb (D:5)
  10 adders
  5 gnolls
  3 shadow imps
  2 white imps
  An ufetubus (D:5)
  A worm (D:4)
  4 dart slugs
  38 orcs
  11 ball pythons
  8 bats
  11 endoplasms
  3 giant cockroaches
  11 goblins
  9 hobgoblins
  5 quokkas
  5 frilled lizards
  14 kobolds
  6 rats
251 creatures vanquished.

Vanquished Creatures (others)
  8 fungi
8 creatures vanquished.

Grand Total: 259 creatures vanquished

Notes
Turn   | Place    | Note
-------+----------+-------------------------------------------
     0 | D:1      | qw the Minotaur Fighter began the quest for the Orb.
     0 | D:1      | Reached XP level 1. HP: 19/19 MP: 0/0
     0 | D:1      | 0 ||| qw: Version: 0.1-a-103-gd6f5d3a
     0 | D:1      | 0 ||| qw: Game counter: 5568
     0 | D:1      | 0 ||| qw: Always use a shield: true
     0 | D:1      | 0 ||| qw: God list: Ru
     0 | D:1      | 0 ||| qw: Allow faded altars: false
     0 | D:1      | 0 ||| qw: Do Orc after D:15 true
     0 | D:1      | 0 ||| qw: Do second Lair branch before Depths: true
     0 | D:1      | 0 ||| qw: Lair rune preference: random
     0 | D:1      | 0 ||| qw: Plans: Normal
     0 | D:1      | 0 ||| PLANNING D:1-11
    58 | D:1      | Reached skill level 3 in Axes
   166 | D:1      | Reached XP level 2. HP: 26/26 MP: 1/1
   357 | D:1      | Found a faded altar of an unknown god.
   404 | D:1      | 404 ||| Stepping ~*~*~tactically~*~*~ (stealth).
   408 | D:1      | Reached skill level 4 in Axes
   819 | D:1      | Reached XP level 3. HP: 31/31 MP: 2/2
   950 | D:1      | 950 ||| UPGRADING to +0 plate armour.
   960 | D:1      | 960 ||| DROPPING +0 scale mail.
   961 | D:1      | 961 ||| READING scroll labelled YWKUYC VIXUTH.
   966 | D:1      | 966 ||| READING scroll labelled HAAJ LOMEA.
   967 | D:1      | 967 ||| READING scroll labelled XOSITIU OMMOU.
  1136 | D:2      | 1136 ||| Stepping ~*~*~tactically~*~*~ (stealth).
  1179 | D:2      | Reached skill level 5 in Axes
  1193 | D:2      | 1193 ||| Stepping ~*~*~tactically~*~*~ (hiding).
  1445 | D:2      | Noticed a scorpion
  1451 | D:2      | Killed a scorpion
  1452 | D:2      | Reached skill level 6 in Axes
  1452 | D:2      | Reached XP level 4. HP: 34/39 MP: 3/3
  1521 | D:2      | 1521 ||| FLEEEEING.
  1522 | D:2      | 1522 ||| FLEEEEING.
  1523 | D:2      | 1523 ||| FLEEEEING.
  1524 | D:2      | 1524 ||| FLEEEEING.
  1525 | D:2      | 1525 ||| FLEEEEING.
  1526 | D:2      | 1526 ||| FLEEEEING.
  1527 | D:2      | 1527 ||| FLEEEEING.
  1528 | D:2      | 1528 ||| FLEEEEING.
  1529 | D:2      | 1529 ||| FLEEEEING.
  1530 | D:2      | 1530 ||| FLEEEEING.
  1531 | D:2      | 1531 ||| FLEEEEING.
  1532 | D:2      | 1532 ||| FLEEEEING.
  1533 | D:2      | 1533 ||| FLEEEEING.
  1534 | D:2      | 1534 ||| FLEEEEING.
  1535 | D:2      | 1535 ||| FLEEEEING.
  1536 | D:2      | 1536 ||| FLEEEEING.
  1537 | D:2      | 1537 ||| FLEEEEING.
  1542 | D:2      | 1542 ||| FLEEEEING.
  1543 | D:2      | 1543 ||| FLEEEEING.
  1544 | D:2      | 1544 ||| FLEEEEING.
  1545 | D:2      | 1545 ||| FLEEEEING.
  1546 | D:2      | 1546 ||| FLEEEEING.
  1547 | D:2      | 1547 ||| FLEEEEING.
  1548 | D:2      | 1548 ||| FLEEEEING.
  1553 | D:2      | 1553 ||| FLEEEEING.
  1554 | D:2      | 1554 ||| FLEEEEING.
  1555 | D:2      | 1555 ||| FLEEEEING.
  1556 | D:2      | 1556 ||| FLEEEEING.
  1557 | D:2      | 1557 ||| FLEEEEING.
  1558 | D:2      | 1558 ||| FLEEEEING.
  1560 | D:2      | 1560 ||| FLEEEEING.
  1561 | D:2      | 1561 ||| FLEEEEING.
  1562 | D:2      | 1562 ||| FLEEEEING.
  1563 | D:2      | 1563 ||| FLEEEEING.
  1564 | D:2      | 1564 ||| FLEEEEING.
  1569 | D:2      | 1569 ||| FLEEEEING.
  1573 | D:2      | 1573 ||| FLEEEEING.
  1574 | D:2      | 1574 ||| FLEEEEING.
  1575 | D:2      | 1575 ||| FLEEEEING.
  1576 | D:2      | 1576 ||| FLEEEEING.
  1577 | D:2      | 1577 ||| FLEEEEING.
  1578 | D:2      | 1578 ||| FLEEEEING.
  1579 | D:2      | 1579 ||| FLEEEEING.
  1580 | D:2      | 1580 ||| FLEEEEING.
  1581 | D:2      | 1581 ||| FLEEEEING.
  1582 | D:2      | 1582 ||| FLEEEEING.
  1583 | D:2      | 1583 ||| FLEEEEING.
  1750 | D:2      | Noticed Natasha
  1753 | D:2      | Killed Natasha
  1754 | D:2      | Reached skill level 1 in Dodging
  1754 | D:2      | Reached XP level 5. HP: 45/45 MP: 4/4
  1961 | D:2      | Noticed Natasha
  1968 | D:2      | Killed Natasha
  2206 | D:2      | Noticed Natasha
  2217 | D:2      | Killed Natasha
  2355 | D:2      | 2355 ||| UPGRADING to +0 cloak.
  2360 | D:2      | 2360 ||| UPGRADING to +0 pair of boots.
  2365 | D:2      | 2365 ||| READING 2 scrolls of identify.
  2365 | D:2      | 2365 ||| IDENTIFYING black potion
  2366 | D:2      | 2366 ||| DROPPING potion of invisibility.
  2453 | D:3      | Reached skill level 7 in Axes
  2479 | D:3      | 2479 ||| DROPPING +0 club.
  2490 | D:3      | 2490 ||| Stepping ~*~*~tactically~*~*~ (hiding).
  2515 | D:3      | Reached XP level 6. HP: 41/53 MP: 5/5
  2657 | D:3      | 2657 ||| READING scroll of enchant armour.
  2657 | D:3      | 2657 ||| ENCHANTING +0 pair of boots.
  2741 | D:3      | 2741 ||| Stepping ~*~*~tactically~*~*~ (stealth).
  3004 | D:3      | Reached skill level 8 in Axes
  3051 | D:3      | 3051 ||| Stepping ~*~*~tactically~*~*~ (stealth).
  3239 | D:3      | 3239 ||| Stepping ~*~*~tactically~*~*~ (hiding).
  3398 | D:3      | Found an iron altar of Okawaru.
  3470 | D:3      | 3470 ||| Stepping ~*~*~tactically~*~*~ (hiding).
  3471 | D:3      | 3471 ||| Stepping ~*~*~tactically~*~*~ (hiding).
  3577 | D:3      | 3577 ||| DROPPING +0 mace.
  3585 | D:3      | 3585 ||| READING 3 scrolls labelled BIRUGAA BUJIB.
  3586 | D:3      | 3586 ||| READING 2 scrolls of enchant weapon.
  3586 | D:3      | 3586 ||| ENCHANTING +1 war axe.
  3587 | D:3      | 3587 ||| READING scroll of enchant weapon.
  3587 | D:3      | 3587 ||| ENCHANTING +2 war axe.
  3588 | D:3      | 3588 ||| READING scroll labelled DELUDGH XORRI.
  3589 | D:3      | 3589 ||| DRINKING 3 sapphire potions.
  3590 | D:3      | 3590 ||| DRINKING 2 dark potions.
  3591 | D:3      | 3591 ||| READING 3 scrolls of identify.
  3591 | D:3      | 3591 ||| IDENTIFYING silvery potion
  3592 | D:3      | 3592 ||| READING 2 scrolls of identify.
  3592 | D:3      | 3592 ||| IDENTIFYING brown potion
  3593 | D:3      | 3593 ||| DROPPING potion of ambrosia.
  3594 | D:3      | 3594 ||| DROPPING potion of brilliance.
  3649 | D:4      | 3649 ||| STAIRDANCE
  3659 | D:4      | Reached XP level 7. HP: 47/60 MP: 6/6
  3659 | D:4      | 3659 ||| STAIRDANCE
  3779 | D:4      | 3779 ||| READING scroll labelled KALAWIFEPI.
  3780 | D:4      | 3780 ||| READING scroll labelled TAHUYTHRAAWES.
  3781 | D:4      | 3781 ||| READING 2 scrolls of teleportation.
  3789 | D:4      | Reached skill level 9 in Axes
  3825 | D:4      | Noticed Blork the orc
  3838 | D:4      | HP: 15/60 [Blork the orc/+0 flail (4)]
  3839 | D:4      | 3839 ||| READING scroll of teleportation.
  3840 | D:4      | HP: 2/60 [Blork the orc/+0 flail (6)]
  4194 | D:4      | Killed Blork the orc
  4310 | D:4      | 4310 ||| DRINKING 2 sedimented brown potions.
  4370 | D:4      | 4370 ||| DROPPING potion of lignification.
  4371 | D:4      | 4371 ||| Stepping randomly (stuck).
  4387 | D:4      | 4387 ||| DROPPING +0 flail.
  4400 | D:4      | 4400 ||| Stepping randomly (stuck).
  4401 | D:4      | 4401 ||| Stepping randomly (stuck).
  4402 | D:4      | 4402 ||| Stepping randomly (stuck).
  4403 | D:4      | 4403 ||| Stepping randomly (stuck).
  4586 | D:5      | Entered Level 5 of the Dungeon
  4680 | D:5      | Reached skill level 10 in Axes
  4697 | D:5      | 4697 ||| Stepping ~*~*~tactically~*~*~ (water).
  4699 | D:5      | Reached skill level 1 in Throwing
  4699 | D:5      | Reached XP level 8. HP: 57/68 MP: 7/7
  4977 | D:5      | Noticed Ijyb
  4982 | D:5      | Killed Ijyb
  5050 | D:5      | 5050 ||| Stepping ~*~*~tactically~*~*~ (hiding).
  5229 | D:5      | 5229 ||| Stepping ~*~*~tactically~*~*~ (stealth).
  5234 | D:5      | Reached skill level 6 in Fighting
  5406 | D:5      | Found a stormy altar of Qazlal.
  5581 | D:5      | 5581 ||| READING scroll labelled PUAPOS EBORAR.
  5585 | D:5      | 5585 ||| READING scroll labelled KOUTTU DOKH.
  5586 | D:5      | 5586 ||| READING scroll labelled GOHA CADGHAMOGH.
  5587 | D:5      | 5587 ||| READING 2 scrolls of identify.
  5587 | D:5      | 5587 ||| IDENTIFYING fizzy red potion
  5588 | D:5      | 5588 ||| DRINKING potion of experience.
  5588 | D:5      | Reached skill level 17 in Axes
  5588 | D:5      | Reached XP level 9. HP: 75/75 MP: 8/8
  5796 | D:6      | 5796 ||| Stepping ~*~*~tactically~*~*~ (stealth).
  5797 | D:6      | 5797 ||| Stepping ~*~*~tactically~*~*~ (stealth).
  5800 | D:6      | 5800 ||| Stepping ~*~*~tactically~*~*~ (stealth).
  5802 | D:6      | 5802 ||| Stepping ~*~*~tactically~*~*~ (stealth).
  5828 | D:6      | 5828 ||| Stepping ~*~*~tactically~*~*~ (stealth).
  5830 | D:6      | 5830 ||| Stepping ~*~*~tactically~*~*~ (stealth).
  5862 | D:6      | 5862 ||| Stepping ~*~*~tactically~*~*~ (hiding).
  5868 | D:6      | 5868 ||| Stepping ~*~*~tactically~*~*~ (stealth).
  5869 | D:6      | 5869 ||| Stepping ~*~*~tactically~*~*~ (stealth).
  5979 | D:6      | Found a staircase to the Ecumenical Temple.
  5980 | D:6      | 5980 ||| PLANNING TEMPLE
  5980 | D:6      | 5980 ||| DRINKING 2 lumpy black potions.
  5981 | D:6      | 5981 ||| READING 3 scrolls of identify.
  5981 | D:6      | 5981 ||| IDENTIFYING bubbling emerald potion
  5982 | D:6      | 5982 ||| READING 2 scrolls of identify.
  5982 | D:6      | 5982 ||| IDENTIFYING murky ruby potion
  5983 | D:6      | 5983 ||| DROPPING potion of flight.
  5984 | D:6      | 5984 ||| DROPPING potion of attraction.
  5988 | D:6      | 5988 ||| Stepping ~*~*~tactically~*~*~ (hiding).
  5990 | D:6      | 5990 ||| Stepping ~*~*~tactically~*~*~ (hiding).
  6092 | D:6      | 6092 ||| Stepping ~*~*~tactically~*~*~ (stealth).
  6098 | Temple   | Entered the Ecumenical Temple
  6241 | Temple   | 6241 ||| PLANNING D:1-11
  6448 | D:6      | Found an ancient bone altar of Kikubaaqudgha.
  6478 | D:6      | 6478 ||| Stepping ~*~*~tactically~*~*~ (stealth).
  6485 | D:6      | 6485 ||| Stepping ~*~*~tactically~*~*~ (stealth).
  6518 | D:6      | Found a bloodstained altar of Trog.
  6521 | D:6      | Noticed Edmund
  6534 | D:6      | Killed Edmund
  6535 | D:6      | Reached skill level 6 in Armour
  6897 | D:6      | Found a glowing silver altar of Zin.
  6898 | D:6      | Found a white marble altar of Elyvilon.
  6900 | D:6      | Found a glowing golden altar of the Shining One.
  6913 | D:6      | 6913 ||| Stepping ~*~*~tactically~*~*~ (stealth).
  6917 | D:6      | 6917 ||| Stepping ~*~*~tactically~*~*~ (stealth).
  6965 | D:6      | 6965 ||| Stepping ~*~*~tactically~*~*~ (stealth).
  6975 | D:6      | 6975 ||| DRINKING 4 potions of curing.
  6975 | D:6      | 6975 ||| (to cure confusion)
  6979 | D:6      | 6979 ||| Stepping ~*~*~tactically~*~*~ (stealth).
  7145 | D:7      | Found a blossoming altar of Fedhas.
  7172 | D:7      | HP: 19/79 [centaur/arrow (6)]
  7173 | D:7      | 7173 ||| READING scroll of teleportation.
  7174 | D:7      | 7174 ||| DRINKING potion of heal wounds.
  7524 | D:7      | Identified the +1 hat of the Slug {rElec Int+3}
  7608 | D:7      | Reached XP level 10. HP: 85/86 MP: 9/9
  7623 | D:7      | Found a broken altar of Ashenzari.
  7627 | D:7      | Found a sacrificial altar of Ru.
  7754 | D:7      | Became a worshipper of Ru the Awakened
  7760 | D:7      | Found a burning altar of Makhleb.
  7763 | D:7      | Found a shimmering altar of Xom.
  7918 | D:7      | 7918 ||| Stepping ~*~*~tactically~*~*~ (hiding).
  8055 | D:7      | 8055 ||| Stepping ~*~*~tactically~*~*~ (stealth).
  8329 | D:7      | 8329 ||| UPGRADING to +1 hat of the Slug {rElec Int+3}.
  8334 | D:7      | 8334 ||| UPGRADING to amulet of the acrobat.
  8339 | D:7      | 8339 ||| DROPPING ring of wizardry.
  8340 | D:7      | 8340 ||| READING scroll labelled TES NIDOGAHO.
  8341 | D:7      | 8341 ||| READING 3 scrolls of identify.
  8341 | D:7      | 8341 ||| IDENTIFYING metallic pink potion
  8342 | D:7      | 8342 ||| READING 2 scrolls of identify.
  8342 | D:7      | 8342 ||| IDENTIFYING pink potion
  8343 | D:7      | 8343 ||| DROPPING potion of degeneration.
  8374 | D:8      | 8374 ||| Stepping ~*~*~tactically~*~*~ (hiding).
  8543 | D:8      | Noticed a two-headed ogre
  8553 | D:8      | Killed a two-headed ogre
  8747 | D:8      | 8747 ||| Stepping ~*~*~tactically~*~*~ (hiding).
  8780 | D:8      | 8780 ||| FLEEEEING.
  8781 | D:8      | 8781 ||| FLEEEEING.
  8782 | D:8      | 8782 ||| FLEEEEING.
  8783 | D:8      | 8783 ||| FLEEEEING.
  8784 | D:8      | 8784 ||| FLEEEEING.
  8788 | D:8      | 8788 ||| FLEEEEING.
  8789 | D:8      | 8789 ||| FLEEEEING.
  8790 | D:8      | 8790 ||| FLEEEEING.
  8791 | D:8      | 8791 ||| FLEEEEING.
  8792 | D:8      | 8792 ||| FLEEEEING.
  8793 | D:8      | 8793 ||| FLEEEEING.
  8794 | D:8      | 8794 ||| FLEEEEING.
  8795 | D:8      | 8795 ||| FLEEEEING.
  8796 | D:8      | 8796 ||| FLEEEEING.
  8797 | D:8      | 8797 ||| FLEEEEING.
  8798 | D:8      | 8798 ||| FLEEEEING.
  8799 | D:8      | 8799 ||| FLEEEEING.
  8800 | D:8      | 8800 ||| FLEEEEING.
  8801 | D:8      | 8801 ||| FLEEEEING.
  8802 | D:8      | 8802 ||| FLEEEEING.
  8803 | D:8      | 8803 ||| FLEEEEING.
  8804 | D:8      | 8804 ||| FLEEEEING.
  8805 | D:8      | 8805 ||| FLEEEEING.
  8806 | D:8      | 8806 ||| FLEEEEING.
  8807 | D:8      | 8807 ||| FLEEEEING.
  8808 | D:8      | 8808 ||| FLEEEEING.
  8809 | D:8      | 8809 ||| FLEEEEING.
  8810 | D:8      | 8810 ||| FLEEEEING.
  8811 | D:8      | 8811 ||| FLEEEEING.
  8816 | D:8      | 8816 ||| FLEEEEING.
  8817 | D:8      | 8817 ||| FLEEEEING.
  8821 | D:8      | 8821 ||| FLEEEEING.
  8822 | D:8      | 8822 ||| FLEEEEING.
  8823 | D:8      | 8823 ||| FLEEEEING.
  8824 | D:8      | 8824 ||| FLEEEEING.
  8825 | D:8      | 8825 ||| FLEEEEING.
  8826 | D:8      | 8826 ||| FLEEEEING.
  8827 | D:8      | 8827 ||| FLEEEEING.
  8828 | D:8      | 8828 ||| STAIRDANCE
  8866 | D:7      | 8866 ||| READING scroll labelled QAJ ICKAMYPTE.
  8910 | D:8      | Noticed Joseph
  8913 | D:8      | 8913 ||| Stepping ~*~*~tactically~*~*~ (hiding).
  8923 | D:8      | Killed Joseph
  8994 | D:8      | 8994 ||| Stepping randomly (stuck).
  9000 | D:8      | You fall into a shaft and drop 3 floors!
  9023 | D:11     | Reached skill level 9 in Fighting
  9064 | D:11     | Noticed a two-headed ogre
  9064 | D:11     | Noticed a boulder beetle
  9075 | D:11     | Killed a boulder beetle
  9076 | D:11     | Killed a two-headed ogre
  9281 | D:11     | 9281 ||| INVOKING Sacrifice Artifice.
  9281 | D:11     | Gained mutation: You cannot study or use magical devices.
                  | [Ru sacrifice]
  9281 | D:11     | Reached * piety under Ru
  9281 | D:11     | Reached ** piety under Ru
  9295 | D:11     | Noticed qw's ghost (journeyman TrCA)
  9296 | D:11     | Noticed a deep troll
  9297 | D:11     | Found a bloodstained altar of Trog.
  9309 | D:11     | Noticed a moth of wrath
  9325 | D:11     | Found a transporter.
  9329 | D:11     | Found a transporter.
  9329 | D:11     | Noticed a two-headed ogre
  9373 | D:11     | Noticed a two-headed ogre
  9374 | D:11     | 9374 ||| Stepping ~*~*~tactically~*~*~ (stealth).
  9378 | D:11     | 9378 ||| Stepping ~*~*~tactically~*~*~ (stealth).
  9379 | D:11     | 9379 ||| Stepping ~*~*~tactically~*~*~ (stealth).
  9387 | D:11     | Killed a two-headed ogre
  9388 | D:11     | Reached skill level 3 in Dodging
  9388 | D:11     | Reached XP level 11. HP: 58/97 MP: 10/10
  9642 | D:11     | 9642 ||| UPGRADING to +0 pearl dragon scales.
  9652 | D:11     | 9652 ||| DROPPING +0 plate armour.
  9653 | D:11     | 9653 ||| UPGRADING to +6 ring of strength.
  9662 | D:10     | Entered Level 10 of the Dungeon
  9680 | D:10     | Reached skill level 6 in Shields
  9690 | D:10     | 9690 ||| FLEEEEING.
  9692 | D:10     | 9692 ||| FLEEEEING.
  9693 | D:10     | 9693 ||| STAIRDANCE
  9744 | D:9      | 9744 ||| Stepping ~*~*~tactically~*~*~ (stealth).
  9860 | D:8      | Noticed a two-headed ogre
  9877 | D:8      | Killed a two-headed ogre
  9952 | D:8      | 9952 ||| FLEEEEING.
  9953 | D:8      | 9953 ||| FLEEEEING.
  9953 | D:8      | Found Cufyth's Assorted Antiques.
  9954 | D:8      | 9954 ||| FLEEEEING.
  9955 | D:8      | 9955 ||| FLEEEEING.
  9956 | D:8      | 9956 ||| FLEEEEING.
  9957 | D:8      | 9957 ||| FLEEEEING.
  9958 | D:8      | 9958 ||| STAIRDANCE
 10092 | D:8      | 10092 ||| STAIRDANCE
 10146 | D:8      | 10146 ||| BUYING 2 scrolls of teleportation (198 gold).
 10146 | D:8      | Bought 2 scrolls of teleportation for 198 gold pieces
 10146 | D:8      | 10146 ||| SHOPLISTING glowing plate armour (858 gold, have
                  | 440).
 10146 | D:8      | 10146 ||| BUYING potion of heal wounds (165 gold).
 10146 | D:8      | Bought a potion of heal wounds for 165 gold pieces
 10146 | D:8      | 10146 ||| BUYING scroll of teleportation (99 gold).
 10146 | D:8      | Bought a scroll of teleportation for 99 gold pieces
 10221 | D:8      | 10221 ||| READING 4 scrolls of teleportation.
 10282 | D:8      | 10282 ||| Stepping ~*~*~tactically~*~*~ (stealth).
 10344 | D:8      | 10344 ||| Stepping ~*~*~tactically~*~*~ (hiding).
 10350 | D:8      | Reached skill level 9 in Armour
 10406 | D:8      | 10406 ||| Stepping ~*~*~tactically~*~*~ (hiding).
 10409 | D:8      | 10409 ||| Stepping ~*~*~tactically~*~*~ (hiding).
 10454 | D:8      | 10454 ||| Stepping ~*~*~tactically~*~*~ (stealth).
 10456 | D:8      | 10456 ||| Stepping ~*~*~tactically~*~*~ (hiding).
 10482 | D:8      | Noticed a seven-headed hydra
 10482 | D:8      | Noticed a seven-headed hydra
 10482 | D:8      | Found the amulet of Vitality {RegenMP++ Regen++}
 10483 | D:8      | 10483 ||| Stepping ~*~*~tactically~*~*~ (stealth).
 10485 | D:8      | 10485 ||| SWAPPING to +2 flail of protection.
 10486 | D:8      | 10486 ||| Stepping ~*~*~tactically~*~*~ (stealth).
 10493 | D:8      | Killed a seven-headed hydra
 10497 | D:8      | HP: 15/101 [seven-headed hydra (11)]
 10498 | D:8      | 10498 ||| READING 3 scrolls of teleportation.
 10498 | D:8      | HP: 7/101 [seven-headed hydra (7)]
 10498 | D:8      | Mangled by a seven-headed hydra

Levels and vault maps discovered:
D:1:      dpeg_arrival_line_fractal, layout_loops_ring,
          dreamdust_ecumenical_altar_grove
D:2:      layout_loops_corners, uniq_natasha
D:3:      layout_loops_ring, okawaru_altar_gauntlet_db, minmay_divided_ellipse
D:4:      layout_rooms, nicolae_concentric_dashed_squares_mild,
          uniq_blork_the_orc
D:5:      layout_loops_ring, general_overflow_altar, dreamdust_gnoll_farm,
          uniq_ijyb
D:6:      layout_basic, good_gods_mini_temple, mainiacjoe_overflow_alcove_2,
          trog_three_pillars_becter, minmay_temple_entry_junction,
          nicolae_titane, uniq_edmund
D:7:      layout_cave_pools, fedhas_bush_and_centaur_altar,
          grunt_temple_overflow_cloverleaf, small_statue_alley_b
D:8:      minmay_the_grid_triangle_9x9_rhombus_full
          [minmay_the_grid_triangle_9x9_minimal,
          minmay_the_grid_triangle_9x9_semitri,
          minmay_the_grid_triangle_9x9_warning,
          minmay_the_grid_triangle_9x9_negative_grid,
          minmay_the_grid_triangle_9x9_odd_lines,
          minmay_the_grid_triangle_9x9_cache,
          minmay_the_grid_triangle_9x9_dagger,
          minmay_the_grid_triangle_9x9_prize_schism], layout_cave_pools,
          serial_shops, nicolae_shop_behind_doors, uniq_joseph
D:9:      layout_gridville, lemuel_tele_altar, orc_0_dummy,
          minmay_tree_intersection, minmay_misc_feat_alley, uniq_amaemon,
          uniq_pikel
D:10:     layout_long_grid, minmay_lair_entry_grove, uniq_maurice
D:11:     layout_stronghold, gammafunk_ghost_wrathful_warriors
Temple:   chequers_temple_sunken

Skill      XL: |  1  2  3  4  5  6  7  8  9 10 11 |
---------------+----------------------------------+-----
Axes           | 3 4 6 7 8 10 17 | 17.0
Dodging        | 1 2 3 4 |  4.3
Fighting       | 4 5 6 7 9 10 | 10.9
Armour         | 4 5 7 8 9 |  9.0
Throwing       | 1 2 |  2.0
Shields        | 4 5 7 |  7.1

Action                   |  1- 3 |  4- 6 |  7- 9 | 10-12 || total
-------------------------+-------+-------+-------+-------++-------
Melee: War axe           |    64 |   136 |   182 |   217 ||   599
       Headbutt          |     3 |    10 |    31 |    44 ||    88
       Flail             |       |       |       |    10 ||    10
Throw: Boomerang         |    43 |    24 |    61 |    23 ||   151
Invok: Sacrifice Artific |       |       |       |     1 ||     1
  Use: Scroll            |     3 |     8 |    11 |     6 ||    28
       Potion            |       |     2 |     5 |       ||     7
 Stab: Invisible         |       |       |       |     1 ||     1
Armor: Scale mail        |    11 |       |       |       ||    11
       Plate armour      |    12 |    81 |    83 |    46 ||   222
       Pearl dragon scal |       |       |       |    50 ||    50
Dodge: Dodged            |    15 |    31 |    47 |    94 ||   187
Block: Buckler           |     8 |    22 |    31 |    38 ||    99

Table legend:
 A = Non-vault XP
 B = Vault XP
 C = Vault XP percentage of total XP
 D = Non-vault monster count
 E = Vault monster count
 F = Vault count percentage of total count
                 A         B        C        D         E       F
            +---------+---------+-------+---------+---------+-------
      Total |   10092 |    4628 |  31.4 |     200 |      51 |  20.3
            +---------+---------+-------+---------+---------+-------
        D:1 |      41 |       0 |   0.0 |      25 |       0 |   0.0
        D:2 |     226 |      33 |  12.7 |      24 |       1 |   4.0
        D:3 |     111 |     295 |  72.7 |      20 |      19 |  48.7
        D:4 |     359 |      91 |  20.2 |      24 |       1 |   4.0
        D:5 |     542 |     117 |  17.8 |      11 |       5 |  31.2
        D:6 |    1060 |     166 |  13.5 |      27 |       1 |   3.6
        D:7 |    1302 |     110 |   7.8 |      25 |       1 |   3.8
        D:8 |    2960 |    3374 |  53.3 |      29 |      20 |  40.8
        D:9 |     352 |       0 |   0.0 |       9 |       0 |   0.0
       D:10 |     316 |     442 |  58.3 |       2 |       3 |  60.0
       D:11 |    2823 |       0 |   0.0 |       4 |       0 |   0.0
            +---------+---------+-------+---------+---------+-------
